 Dungeon Crawl Stone Soup version 0.21.1-1-g345015f (webtiles) character file.

50582 wojtek the Geomancer (level 14, 0/109 HPs)
             Began as a Demonspawn Fire Elementalist on Mar 24, 2018.
             Was a High Priest of Vehumet.
             Slain by an orc warrior
             ... wielding a +1 scimitar of electrocution
              (12 damage)
             ... on level 2 of the Orcish Mines.
             The game lasted 01:24:56 (29875 turns).

wojtek the Geomancer (DsFE)                        Turns: 29875, Time: 01:24:58

Health: 0/109      AC:  9    Str: 17    XL:     14   Next: 20%
Magic:  15/26      EV: 27    Int: 18    God:    Vehumet [*****.]
Gold:   1738       SH:  0    Dex: 19    Spells: 3/29 levels left

rFire    + + .     SeeInvis .   U - +0 whip (flame)
rCold    + . .     Gourm    .   (no shield)
rNeg     . . .     Faith    .   l - +1 robe {rF+}
rPois    +         Spirit   .   X - +2 hat
rElec    .         Reflect  .   q - +1 cloak {rF+}
rCorr    .         Harm     .   (no gloves)
MR       +....                  (boots unavailable)
Stlth    +++.......             R - amulet of regeneration
HPRegen  0.68/turn              u - ring of wizardry
MPRegen  0.20/turn              V - ring of the Wary Yaks {rPois rC+ Str+3 Int-3}

@: mighty, agile, about to teleport
A: hooves 3, rugged brown scales 2, demonic guardian 2, powered by pain 2
a: Renounce Religion


You were on level 2 of the Orcish Mines.
You worshipped Vehumet.
Vehumet was extremely pleased with you.
You were hungry.

You visited 4 branches of the dungeon, and saw 18 of its levels.
You also visited: Sewer and Volcano.

You collected 1738 gold pieces.

Inventory:

Hand Weapons
 U - a +0 whip of flaming (weapon)
Missiles
 f - 2 throwing nets (quivered)
Armour
 l - a +1 robe of fire resistance (worn)
 q - a +1 cloak of fire resistance (worn)
 X - a +2 hat (worn)
Jewellery
 u - a ring of wizardry (left hand)
 y - the ring "Quluox" {rPois rN+ MP+9, unknown}
   (You took it off an orc on level 9 of the Dungeon)

   [ring of magical power]

   It protects you from poison.
   It protects you from negative energy.
   It affects your magic capacity (+9).
 F - a +5 ring of dexterity
 Q - an uncursed ring of fire
 R - an amulet of regeneration (around neck)
 V - the ring of the Wary Yaks (right hand) {rPois rC+ Str+3 Int-3}
   (You found it on level 2 of the Lair of Beasts)

   [ring of strength]

   It affects your strength (+3).
   It affects your intelligence (-3).
   It protects you from cold.
   It protects you from poison.
Wands
 j - a wand of acid (13)
 D - a wand of disintegration (2)
 I - a wand of digging (17)
 K - a wand of iceblast (20)
 L - a wand of clouds (1)
 M - a wand of paralysis (10)
 T - a wand of polymorph (13)
Scrolls
 a - 2 scrolls of fear {unknown}
 e - 4 scrolls of amnesia
 h - a scroll of enchant armour
 k - 2 scrolls of noise {unknown}
 n - a scroll of holy word {unknown}
 o - 2 scrolls of random uselessness {unknown}
 p - a scroll of blinking
 r - 6 scrolls of identify
 s - 10 scrolls of remove curse
 v - 2 scrolls of magic mapping
 x - 4 scrolls of teleportation
 C - 7 scrolls of immolation {unknown}
 H - 2 scrolls of vulnerability {unknown}
 Y - a scroll of brand weapon {unknown}
Potions
 b - 2 potions of might {unknown}
 d - 2 potions of brilliance
 g - 2 potions of berserk rage {unknown}
 m - 4 potions of agility
 t - 3 potions of heal wounds
 w - 4 potions of flight {unknown}
 A - 6 potions of degeneration {unknown}
 B - 3 potions of haste
 E - a potion of invisibility {unknown}
 G - 2 potions of cancellation {unknown}
 N - a potion of ambrosia {unknown}
 P - a potion of experience {unknown}
 S - 5 potions of curing
 W - 2 potions of lignification
 Z - 2 potions of resistance {unknown}
Books
 i - a book of Power

   Spells                             Type                      Level
   a - Iskenderun's Battlesphere      Conjuration/Charms           5
   b - Venom Bolt                     Conjuration/Poison           5
   c - Bolt of Magma                  Conjuration/Fire/Earth       5
   d - Iron Shot                      Conjuration/Earth            6
   e - Orb of Destruction             Conjuration                  7
   f - Spellforged Servitor           Conjuration/Summoning        7
Miscellaneous
 z - a lightning rod (4/4)
 O - a lamp of fire
Comestibles
 c - 28 rations


   Skills:
 - Level 7.9 Fighting
 + Level 12.1 Dodging
 - Level 1.7 Stealth
 - Level 8.4 Spellcasting
 - Level 6.5 Conjurations
 - Level 4.0 Translocations
 - Level 8.5 Fire Magic
 + Level 12.3 Earth Magic


You had 3 spell levels left.
You knew the following spells:

 Your Spells              Type           Power        Failure   Level  Hunger
a - Flame Tongue          Conj/Fire      ####.        1%          1    None
b - Conjure Flame         Conj/Fire      ####....     1%          3    None
c - Sticky Flame          Conj/Fire      ####....     1%          4    ###....
d - Bolt of Magma         Conj/Fire/Erth #####.....   1%          5    #####..
f - Fireball              Conj/Fire      ####......   1%          5    #####..
i - Iron Shot             Conj/Erth      #####.....   3%          6    ######.
B - Blink                 Tloc           N/A          1%          2    None


Dungeon Overview and Level Annotations

Branches:
Dungeon (9/15)             Temple (1/1) D:7            Lair (6/6) D:8
 Shoals (0/4) Lair:2       Spider (0/4) Lair:4        Slime (0/5) Lair:6
    Orc (2/2) D:9
    Elf: Orc:2

Altars:
Ashenzari
Cheibriados
Dithmenos
Elyvilon
Fedhas
Gozag
Hepliaklqana
Kikubaaqudgha
Makhleb
Nemelex Xobeh
Okawaru
Qazlal
Ru
Sif Muna
Trog
Uskayaw
Vehumet
Wu Jian
Xom
Yredelemnul
Zin
The Shining One

Annotations:
Lair:6 1 runed door
Orc:2 Snorg


Innate Abilities, Weirdness & Mutations

You have hooves in place of feet.
You are mostly covered in rugged brown scales. (AC +2, +5% HP)
A demonic guardian rushes to your aid.
You sometimes gain power by taking damage.


Message History

The orc warrior hits you with a battleaxe!
* * * LOW HITPOINT WARNING * * *
The orc warrior hits you with a scimitar of electrocution.
* * * LOW HITPOINT WARNING * * *
The orc warrior barely misses you.
An orc wizard comes into view. It is wielding a dagger.
Unknown command.
As you read the scroll of teleportation, it crumbles to dust.
You feel strangely unstable.
Your smoke demon disappears in a puff of smoke!
The orc priest calls upon Beogh to heal the orc warrior.
The orc warrior is healed somewhat.
The orc wizard casts a spell.
The orc wizard seems to speed up.
The orc warrior completely misses you.
The orc high priest mumbles some strange prayers to Beogh against you.
Beogh smites you!
* * * LOW HITPOINT WARNING * * *
The orc warrior misses you.
The orc warrior hits you with a scimitar of electrocution!
You die...

P.. ...........
...##..........
#.#.......#....
###............#
##.#....4........
#.......).......#
#.....o3<.......
###...ooo.......
#.§§o@........
#....§o........
#.....§§.......
##.#....§o.....
........oo...o.
.............h$.
.....#....o......
..
......#..o...{..
#T. .. ..##...


You could see an orc knight, a soul eater, an orc high priest, a rust devil, a
warg, 6 orc warriors, 2 orc priests, an orc wizard and an orc.

Vanquished Creatures
  2 hydras (Lair:6)
  Erica (Orc:1)
  Nergalle (D:9)
  A sun demon (Volcano)
  An orc knight (D:9)
  An orc sorcerer (Volcano)
  2 ugly things (Volcano)
  A manticore (D:9)
  9 elephants
  A cyclops (Orc:1)
  Joseph (D:8)
  A merfolk siren (Lair:2)
  A black mamba (Lair:6)
  8 spiny frogs
  The ghost of Aelig the Changer, a novice DrTm of Qazlal (D:4)
  5 torpor snails (Lair:6)
  A rime drake (Lair:1)
  2 red devils (Volcano)
  6 komodo dragons
  The ghost of appiemonkey the Thaumaturge, a novice DEWz (D:5)
  2 trolls (D:9)
  3 tyrant leeches (Lair:6)
  A jumping spider (Lair:4)
  7 hornets (Lair:6)
  3 raiju (Lair:6)
  6 polar bears
  3 dream sheep (Lair:4)
  3 hippogriffs
  7 blink frogs
  A redback (Lair:4)
  17 yaks
  A wyvern (Lair:5)
  A spriggan (D:7)
  6 basilisks
  A hungry ghost (D:8)
  6 wargs
  6 water moccasins
  7 porcupines
  13 hell hounds (Lair:6)
  4 ice beasts
  2 sky beasts
  11 orc warriors
  11 black bears
  3 ogres
  A phantom (D:5)
  28 wolves
  2 centaurs
  12 crocodiles
  The ghost of TheNamelessOne the Firebug, an amateur DsFE (D:3)
  7 big kobolds (D:9)
  7 bullfrogs
  3 scorpions
  A water moccasin skeleton (D:6)
  9 killer bees
  4 wights (D:9)
  2 electric eels
  2 bullfrog zombies (D:8)
  5 crimson imps
  A howler monkey (D:5)
  7 orc priests
  Crazy Yiuf (D:6)
  3 centaur skeletons
  8 hounds
  A jelly (D:8)
  4 bullfrog skeletons
  A gnoll shaman (D:5)
  2 iguanas
  6 orc wizards
  9 hell rats
  7 worker ants
  A hound zombie (D:6)
  A hound skeleton (D:6)
  A worker ant zombie (D:9)
  Robin (D:2)
  9 gnolls
  5 adders
  4 oozes
  3 worms
  5 leopard geckos
  27 orcs
  4 giant cockroaches
  12 goblins
  10 hobgoblins
  13 jackals
  21 kobolds
  6 quokkas
  3 ball pythons
  14 bats
  2 frilled lizards (D:1)
  A jackal skeleton (D:7)
  A leopard gecko skeleton (D:5)
  A leopard gecko zombie (D:6)
  8 rats
459 creatures vanquished.

Vanquished Creatures (collateral kills)
  2 hydras
  A catoblepas (Lair:6)
  A two-headed ogre (D:8)
  2 orc high priests (Orc:2)
  2 lindwurms (Lair:6)
  5 oklob plants
  2 orc sorcerers
  7 elephants
  2 spiny frogs
  A komodo dragon (Lair:4)
  A red devil (Volcano)
  A hornet (Lair:6)
  3 trolls
  4 polar bears (Lair:6)
  3 dream sheep (Lair:4)
  3 blink frogs
  A hippogriff (Lair:2)
  18 yaks
  A basilisk (Lair:1)
  A hell hound (Lair:6)
  2 porcupines
  A water moccasin (Lair:4)
  2 black bears
  2 orc warriors (D:9)
  3 ogres
  5 wolves
  A crocodile (Lair:2)
  A bullfrog (Lair:5)
  2 gnoll sergeants (D:9)
  A quasit (D:8)
  A hound (D:8)
  2 orcs
  A bat (D:4)
85 creatures vanquished.

Vanquished Creatures (others)
  2 orc priests
  2 bushes (Lair:6)
  14 fungi
  22 plants
40 creatures vanquished.

Grand Total: 584 creatures vanquished

Notes
Turn   | Place    | Note
-------+----------+-------------------------------------------
     0 | D:1      | wojtek the Demonspawn Fire Elementalist began the quest for the Orb.
     0 | D:1      | Reached XP level 1. HP: 13/13 MP: 3/3
  1061 | D:1      | Gained mutation: You have large cloven feet. [demonic ancestry]
  1061 | D:1      | Reached XP level 2. HP: 19/19 MP: 0/5
  1777 | D:2      | Reached XP level 3. HP: 24/24 MP: 1/6
  1828 | D:2      | Learned a level 3 spell: Conjure Flame
  2404 | D:2      | Noticed Robin
  2417 | D:1      | Reached XP level 4. HP: 22/30 MP: 0/7
  2551 | D:2      | Killed Robin
  3002 | D:2      | Reached skill level 5 in Fire Magic
  3645 | D:2      | Gained mutation: You are partially covered in rugged brown scales. (AC +1, +3% HP) [demonic ancestry]
  3645 | D:2      | Reached XP level 5. HP: 30/36 MP: 6/8
  3651 | D:2      | Learned a level 4 spell: Sticky Flame
  3676 | D:2      | Found a bloodstained altar of Trog.
  3676 | D:2      | Found a shadowy altar of Dithmenos.
  3681 | D:2      | Found a shimmering altar of Xom.
  3683 | D:2      | Found a radiant altar of Vehumet.
  3685 | D:2      | Found a sacrificial altar of Ru.
  4130 | D:3      | Found a hide-covered altar of Uskayaw.
  4131 | D:3      | Noticed a dagger
  4131 | D:3      | Noticed an enchanted hand axe
  4296 | D:3      | Noticed TheNamelessOne's ghost (amateur DsFE)
  4663 | D:4      | Found an opulent altar of Gozag.
  4688 | D:4      | Gained mutation: A weak demonic guardian rushes to your aid. [demonic ancestry]
  4688 | D:4      | Reached XP level 6. HP: 41/42 MP: 3/9
  4784 | D:4      | Found a glowing drain.
  4808 | Sewer    | Entered a sewer
  5379 | D:4      | Reached XP level 7. HP: 35/47 MP: 3/10
  5804 | D:4      | Noticed Aelig's ghost (novice DrTm)
  5820 | D:4      | Killed Aelig's ghost
  6197 | D:5      | Entered Level 5 of the Dungeon
  6480 | D:5      | Gained mutation: You sometimes gain a little power by taking damage. [demonic ancestry]
  6480 | D:5      | Reached XP level 8. HP: 53/53 MP: 4/12
  6972 | D:5      | Found an opulent altar of Gozag.
  7019 | D:5      | Found a hazy altar of Hepliaklqana.
  7198 | D:5      | Noticed appiemonkey's ghost (novice DEWz)
  7569 | D:5      | Killed appiemonkey's ghost
  7569 | D:5      | Reached skill level 5 in Conjurations
  8527 | D:3      | Found a hide-covered altar of Uskayaw.
  8932 | D:3      | Killed TheNamelessOne's ghost
  9181 | D:6      | Found a burning altar of Makhleb.
  9181 | D:6      | Noticed an Executioner
  9184 | D:6      | Noticed a hellwing
  9184 | D:6      | Noticed an orange demon
  9671 | D:6      | Found a deep blue altar of Sif Muna.
 10209 | D:6      | Gained mutation: A demonic guardian rushes to your aid. [demonic ancestry]
 10209 | D:6      | Reached XP level 9. HP: 47/58 MP: 0/15
 10652 | D:6      | Found a runed door.
 10754 | D:6      | Noticed Crazy Yiuf
 10759 | D:6      | Killed Crazy Yiuf
 10855 | D:7      | Reached skill level 1 in Fighting
 11199 | D:7      | Noticed a moth of wrath
 11202 | D:7      | Found a bloodstained altar of Trog.
 11736 | D:7      | Found the ring of Shadows {Umbra +Inv Stlth+}
 11930 | D:7      | Found a staircase to the Ecumenical Temple.
 12042 | Temple   | Entered the Ecumenical Temple
 12341 | D:2      | Became a worshipper of Vehumet
 12835 | D:8      | Found a blossoming altar of Fedhas.
 12843 | D:8      | Reached skill level 5 in Spellcasting
 13126 | D:8      | Noticed a troll
 13130 | D:8      | Killed a troll
 13142 | D:8      | Found a staircase to the Lair.
 13457 | D:8      | Noticed a two-headed ogre
 13464 | D:8      | Killed a two-headed ogre
 13464 | D:8      | Gained mutation: You have hoof-like feet. [demonic ancestry]
 13464 | D:8      | Reached XP level 10. HP: 61/75 MP: 13/19
 13582 | D:8      | Reached * piety under Vehumet
 13582 | D:8      | Offered knowledge of Freeze by Vehumet.
 13684 | D:8      | Reached skill level 5 in Dodging
 13814 | D:8      | Reached skill level 5 in Fighting
 13946 | D:8      | Noticed Joseph
 14218 | Lair:1   | Entered Level 1 of the Lair of Beasts
 15095 | Lair:1   | Noticed an oklob plant
 15105 | Lair:1   | Killed an oklob plant
 15629 | Lair:2   | Got a twitching granite ring
 15630 | Lair:2   | Identified the ring of the Wary Yaks {rPois rC+ Str+3 Int-3} (You found it on level 2 of the Lair of Beasts)
 15981 | Lair:2   | Noticed a spiny frog
 15999 | Lair:2   | Killed a spiny frog
 16141 | Lair:2   | Noticed a spiny frog
 16158 | Lair:2   | Killed a spiny frog
 16423 | Lair:2   | Reached XP level 11. HP: 55/86 MP: 17/22
 16627 | Lair:2   | Learned a level 2 spell: Blink
 16650 | Lair:2   | Found a staircase to the Shoals.
 16759 | Lair:2   | Reached skill level 1 in Translocations
 16983 | Lair:2   | Learned a level 5 spell: Fireball
 17254 | Lair:3   | Reached ** piety under Vehumet
 17254 | Lair:3   | Offered knowledge of Searing Ray by Vehumet.
 18887 | Lair:4   | Found a dark tunnel.
 18898 | Volcano  | Entered a volcano
 18905 | Volcano  | Learned a level 5 spell: Bolt of Magma
 18924 | Volcano  | Noticed an orc sorcerer
 18925 | Volcano  | Noticed a soul eater
 18934 | Volcano  | Reached skill level 1 in Earth Magic
 18936 | Volcano  | Killed an orc sorcerer
 19015 | Volcano  | Noticed a red ugly thing
 19035 | Volcano  | Killed a red ugly thing
 19076 | Volcano  | Noticed a sun demon
 19082 | Volcano  | Noticed a red ugly thing
 19084 | Volcano  | Killed a sun demon
 19108 | Volcano  | Killed a red ugly thing
 19110 | Volcano  | Offered knowledge of Ignite Poison by Vehumet.
 19329 | Lair:4   | Reached *** piety under Vehumet
 19364 | Lair:4   | Noticed an oklob plant
 19365 | Lair:4   | Noticed an oklob plant
 19369 | Lair:4   | Noticed an oklob plant
 19371 | Lair:4   | Killed an oklob plant
 19371 | Lair:4   | Reached skill level 5 in Earth Magic
 19372 | Lair:4   | Noticed an oklob plant
 19375 | Lair:4   | Killed an oklob plant
 19389 | Lair:4   | Killed an oklob plant
 19392 | Lair:4   | Killed an oklob plant
 19412 | Lair:4   | Got a faintly glowing battleaxe
 19535 | Lair:4   | Gained mutation: You have hooves in place of feet. [demonic ancestry]
 19535 | Lair:4   | Reached XP level 12. HP: 94/94 MP: 24/24
 19860 | Lair:4   | Offered knowledge of Olgreb's Toxic Radiance by Vehumet.
 19881 | Lair:4   | Found a hole to the Spider Nest.
 21278 | Lair:5   | Noticed a four-headed hydra
 21284 | Lair:5   | Killed a four-headed hydra
 21497 | Lair:6   | Entered Level 6 of the Lair of Beasts
 21570 | Lair:6   | Reached **** piety under Vehumet
 21594 | Lair:6   | Offered knowledge of Stone Arrow by Vehumet.
 21765 | Lair:6   | Noticed a catoblepas
 21791 | Lair:6   | Killed a catoblepas
 22097 | Lair:6   | Found a runed door.
 22604 | Lair:6   | Gained mutation: You sometimes gain power by taking damage. [demonic ancestry]
 22604 | Lair:6   | Reached XP level 13. HP: 100/100 MP: 10/25
 22861 | Lair:6   | Reached skill level 10 in Earth Magic
 22869 | Lair:6   | Paralysed by a hornet for 1 turns
 23175 | Lair:6   | Reached skill level 10 in Dodging
 23865 | Lair:6   | Found a staircase to the Slime Pits.
 23968 | Lair:6   | Reached ***** piety under Vehumet
 23968 | Lair:6   | Offered knowledge of Yara's Violent Unravelling by Vehumet.
 24780 | Lair:6   | Learned a level 6 spell: Iron Shot
 26977 | D:8      | Killed Joseph
 27239 | D:9      | Found an iron altar of Okawaru.
 27339 | D:9      | Offered knowledge of Airstrike by Vehumet.
 27346 | D:9      | Got a smoking bone ring
 27503 | D:9      | Found a staircase to the Orcish Mines.
 27633 | D:9      | Gained mutation: You are mostly covered in rugged brown scales. (AC +2, +5% HP) [demonic ancestry]
 27633 | D:9      | Reached XP level 14. HP: 100/109 MP: 18/26
 28196 | Orc:1    | Entered Level 1 of the Orcish Mines
 28196 | Orc:1    | Noticed Nergalle
 28834 | D:9      | Killed Nergalle
 28857 | Orc:1    | Paralysed by an orc sorcerer for 5 turns
 29071 | Orc:1    | Noticed Erica
 29089 | Orc:1    | Killed Erica
 29328 | Orc:2    | Entered Level 2 of the Orcish Mines
 29334 | Orc:2    | Noticed an orc warlord
 29693 | Orc:2    | Noticed Snorg
 29875 | Orc:2    | Slain by an orc warrior

Skill      XL: |  1  2  3  4  5  6  7  8  9 10 11 12 13 14 |
---------------+-------------------------------------------+-----
Fire Magic     | 3 4 5 6 7 8 |  8.5
Conjurations   | 3 6 |  6.5
Spellcasting   | 3 4 6 7 8 |  8.4
Dodging        | 4 6 7 9 11 12 | 12.1
Fighting       | 4 7 |  7.9
Translocations | 4 |  4.0
Earth Magic    | 5 9 11 12 | 12.3
Stealth        | |  1.7

Action                   |  1- 3 |  4- 6 |  7- 9 | 10-12 | 13-15 || total
-------------------------+-------+-------+-------+-------+-------++-------
Melee: Unarmed           |     6 |       |       |       |       ||     6
       Dagger            |     3 |    15 |    13 |       |       ||    31
       Kick              |     1 |     3 |    30 |    31 |    61 ||   126
       Whip              |       |       |   167 |    88 |   198 ||   453
Throw: Stone             |     1 |       |       |       |       ||     1
 Cast: Flame Tongue      |    75 |   115 |   235 |   266 |   238 ||   929
       Conjure Flame     |       |     1 |     8 |    10 |     9 ||    28
       Sticky Flame      |       |       |     9 |    57 |    62 ||   128
       Bolt of Magma     |       |       |       |    19 |     9 ||    28
       Fireball          |       |       |       |    36 |    57 ||    93
       Blink             |       |       |       |     5 |     7 ||    12
       Iron Shot         |       |       |       |       |    25 ||    25
Evoke: Wand              |       |       |       |     1 |    22 ||    23
  Use: Scroll            |     4 |       |     1 |    11 |     5 ||    21
       Potion            |       |       |       |       |     2 ||     2
 Stab: Distracted        |       |       |       |     1 |     1 ||     2
       Paralysed         |       |       |       |       |    19 ||    19
  Eat: Chunk             |     2 |    10 |    22 |    30 |    41 ||   105
       Ration            |     1 |       |     3 |     5 |     4 ||    13
Armor: Robe              |    24 |    18 |    88 |    40 |    71 ||   241
Dodge: Dodged            |    37 |    54 |   192 |   236 |   545 ||  1064
